 Dungeon Crawl Stone Soup version 0.31.0-32-g396128a36d (webtiles) character file.

Game seed: 6354651054339556858

1594 porpoise the Cleaver (level 8, 0/73 HPs)
             Began as a Hill Orc Fighter on Apr 16, 2024.
             Was a Follower of Qazlal.
             Killed from afar by a raiju (5 damage)
             ... with a living lightning
             ... on level 7 of the Dungeon.
             The game lasted 00:13:13 (5770 turns).

porpoise the Cleaver (Hill Orc Fighter)             Turns: 5770, Time: 00:13:13

Health: 0/73       AC: 11    Str: 21    XL:     8   Next: 93%
Magic:  11/11      EV:  9    Int:  8    God:    Qazlal [*.....]
Gold:   500        SH:  6    Dex: 10    Spells: 7/7 levels left

rFire   + . .        a - +0 war axe
rCold   + . .        c - +0 buckler
rNeg    . . .        v - +0 scale mail
rPois   +            w - +0 helmet
rElec   +            o - +0 cloak
rCorr   +            (no gloves)
SInv    .            K - +1 pair of boots
Will    +....        r - amulet of the acrobat Stlth
                     u - ring of willpower
HPRegen 0.32/turn    E - ring of resist corrosion
MPRegen 0.12/turn

%: acrobat
@: resistant, very slow
A: no striking features
a: Renounce Religion


You were on level 7 of the Dungeon.
You worshipped Qazlal.
Qazlal was aware of your devotion.
You visited 2 branches of the dungeon, and saw 8 of its levels.

You collected 500 gold pieces.

Inventory:

Hand Weapons
 a - a +0 war axe (weapon)
 b - a +0 sling
 C - the +6 spear of Effokon {drain, rElec Stlth+}
   (You found it on level 5 of the Dungeon)

   rElec:     It insulates you from electricity.
   Stlth+:    It makes you more stealthy.
Missiles
 p - 8 poisoned darts (quivered)
 y - 14 boomerangs
 I - a curare-tipped dart
 J - a throwing net
Armour
 c - a +0 buckler (worn)
 o - a +0 cloak (worn)
 v - a +0 scale mail (worn)
 w - a +0 helmet (worn)
 K - a +1 pair of boots (worn)
 L - a scarf of harm
Jewellery
 l - an amulet of magic regeneration
 r - an amulet of the acrobat (around neck)
 u - a ring of willpower (left hand)
 z - a ring of willpower
 B - an amulet of faith
 E - a ring of resist corrosion (right hand)
 N - a ring of flight
Wands
 t - a wand of roots (13)
 D - a wand of quicksilver (23)
 F - a wand of charming (17)
 G - a wand of flame (31)
 M - a wand of mindburst (15)
Scrolls
 g - a scroll of immolation {unknown}
 h - 2 scrolls of teleportation
 i - 2 scrolls of identify
 n - a scroll of fear {unknown}
 s - a scroll of vulnerability
 x - a scroll of poison {unknown}
 A - 4 scrolls of amnesia {unknown}
 H - a scroll of fog {unknown}
Potions
 d - 4 potions of might
 e - 5 potions of curing
 f - a potion of haste
 j - 3 potions of lignification
 k - a potion of magic
 m - 3 potions of heal wounds


   Skills:
 + Level 7.5 Fighting
 * Level 10.7 Axes
 - Level 3.2 Armour
 - Level 5.0 Shields
 + Level 4.5 Invocations


You had 7 spell levels left.
You didn't know any spells.
Your spell library contained the following spells:

 Spells                   Type           Power      Damage    Failure   Level
 Apportation              Tloc           0%         N/A       82%         1
 Kiss of Death            Conj/Necr      0%         2d5       82%         1
 Necrotise                Necr           0%         1d4       82%         1
 Sting                    Conj/Alch      0%         1d3       82%         1
 Summon Small Mammal      Summ           0%         N/A       82%         1
 Call Imp                 Summ           0%         N/A       91%         2
 Mercury Vapours          Alch/Air       0%         N/A       91%         2
 Sublimation of Blood     Necr           0%         N/A       91%         2
 Call Canine Familiar     Summ           0%         N/A       99%         3
 Confusing Touch          Hex            0%         N/A       99%         3
 Frozen Ramparts          Ice            0%         1d1       99%         3
 Animate Dead             Necr           0%         N/A       100%        4
 Dispel Undead            Necr           0%         3d6       100%        4
 Leda's Liquefaction      Alch/Erth      0%         N/A       100%        4
 Olgreb's Toxic Radiance  Alch           0%         N/A       100%        4
 Petrify                  Alch/Erth      0%         N/A       100%        4
 Summon Blazeheart Golem  Fire/Summ      0%         N/A       100%        4
 Borgnjor's Vile Clutch   Necr/Erth      0%         N/A       100%        5
 Metabolic Englaciation   Hex/Ice        0%         N/A       100%        5
 Death Channel            Necr           0%         N/A       100%        6
 Summon Hydra             Summ           0%         N/A       100%        7


Dungeon Overview and Level Annotations

Branches:
Dungeon (7/15)             Temple (1/1) D:4

Altars:
Ashenzari
Cheibriados
Elyvilon
Fedhas
Gozag
Hepliaklqana
Okawaru
Qazlal
Ru
Sif Muna
Vehumet
Wu Jian
Xom
Zin
The Shining One

Shops:
D:1 :   D:6 *

Annotations:
D:5 3 runed translucent doors, BassonBusker's ghost, novice GrEE
D:6 7 runed translucent doors, Steelrune's ghost, novice GnCj


Message History

The electric eel shoots out a bolt of lightning at you!
The bolt of electricity hits you. You resist.
The electric eel shoots out a bolt of lightning at you!
The bolt of electricity misses you.
You slash the raiju!
The raiju is moderately wounded.
The raiju barely misses you.
The electric eel shoots out a bolt of lightning at you!
The bolt of electricity hits you. You resist.
You hit the raiju but do no damage.
The raiju is moderately wounded.
The raiju bursts into living lightning!
The living lightning hits you. You resist.
* * * LOW HITPOINT WARNING * * *
The raiju blinks!
You enter the shallow water.
Moving in this stuff is going to be slow.
An electric eel comes into view.
The electric eel shoots out a bolt of lightning at you!
The bolt of electricity misses you.
The raiju bursts into living lightning!
The living lightning misses you.
The raiju blinks! x2
The electric eel shoots out a bolt of lightning at you!
The bolt of electricity misses you.
You slash the raiju!
The raiju is severely wounded.
You completely miss the raiju.
The electric eel shoots out a bolt of lightning at you!
The bolt of electricity hits you. You resist.
* * * LOW HITPOINT WARNING * * *
The electric eel shoots out a bolt of lightning at you!
The bolt of electricity hits you. You resist.
* * * LOW HITPOINT WARNING * * *
The raiju bites you.
* * * LOW HITPOINT WARNING * * *
The raiju shocks you. You resist.
* * * LOW HITPOINT WARNING * * *
The raiju bursts into living lightning!
The living lightning hits you. You resist.
You die...

...##
##.........#
..##
#.........#
###
#.........###
#...........#
#.........#.#
###########.#
####.# #
###~≈#.#
~≈####S≈@§..#
.~~≈S~~.hh..#
[..~~.......#
.........≈###
~......~≈≈#
≈S≈..~~≈###
##~~~≈###
#####


You could see 2 raiju and 3 electric eels.

Vanquished Creatures
  Eustachio (D:4)
  2 water moccasins
  An orc warrior (D:7)
  A black bear (D:6)
  A phantom (D:4)
  A kobold brigand (D:6)
  A bullfrog (D:7)
  2 scorpions (D:5)
  2 bombardier beetles
  2 hounds
  A jelly (D:7)
  5 orc priests
  Terence (D:2)
  4 orc wizards
  Natasha (D:2)
  Robin (D:4)
  8 gnolls
  5 adders
  A shadow imp (D:6)
  2 dart slugs (D:3)
  A ribbon worm (D:4)
  27 orcs
  4 bats
  5 endoplasms
  3 giant cockroaches
  11 hobgoblins
  8 jackals
  11 kobolds
  2 quokkas (D:2)
  3 ball pythons
  3 frilled lizards
  17 goblins
  6 rats
144 creatures vanquished.

Notes
Turn   | Place    | Note
-------+----------+-------------------------------------------
     0 | D:1      | porpoise the Hill Orc Fighter began the quest for the Orb.
     0 | D:1      | Reached XP level 1. HP: 19/19 MP: 1/1
    63 | D:1      | Reached skill level 3 in Axes
   124 | D:1      | Reached XP level 2. HP: 25/27 MP: 2/2
   430 | D:1      | Found Vuklugi's Book Boutique.
   694 | D:1      | Found a faded altar of an unknown god.
   828 | D:2      | Reached XP level 3. HP: 27/33 MP: 3/3
   949 | D:2      | Noticed Natasha
   955 | D:2      | Killed Natasha
   956 | D:2      | Reached skill level 4 in Axes
  1122 | D:2      | Reached XP level 4. HP: 39/40 MP: 4/4
  1534 | D:2      | Noticed Terence
  1543 | D:2      | Killed Terence
  1544 | D:2      | Reached skill level 5 in Axes
  1544 | D:2      | Reached XP level 5. HP: 44/47 MP: 5/5
  1817 | D:3      | Reached XP level 6. HP: 27/55 MP: 6/6
  2078 | D:3      | Reached skill level 6 in Axes
  2199 | D:3      | Reached skill level 5 in Fighting
  2403 | D:3      | Found a blossoming altar of Fedhas.
  2713 | D:3      | Found a glowing golden altar of the Shining One.
  2959 | D:4      | Noticed Robin
  2980 | D:4      | Killed Robin
  2994 | D:4      | Noticed Eustachio
  3026 | D:4      | Killed Eustachio
  3027 | D:4      | Reached skill level 7 in Axes
  3027 | D:4      | Reached skill level 5 in Shields
  3027 | D:4      | Reached XP level 7. HP: 43/62 MP: 7/7
  3135 | D:4      | Found a staircase to the Ecumenical Temple.
  3156 | Temple   | Entered the Ecumenical Temple
  3166 | Temple   | Became a worshipper of Qazlal Stormbringer
  3385 | D:4      | Reached skill level 8 in Axes
  3548 | D:5      | Entered Level 5 of the Dungeon
  3824 | D:5      | Identified the +6 spear of Effokon {drain, rElec Stlth+}
  3833 | D:5      | Reached skill level 1 in Invocations
  4224 | D:5      | Reached XP level 8. HP: 71/71 MP: 9/9
  4236 | D:5      | Reached skill level 9 in Axes
  4515 | D:5      | Found a runed translucent gate.
  4516 | D:5      | Found a runed translucent gate.
  4516 | D:5      | Found a runed translucent gate.
  4517 | D:5      | Found an opulent altar of Gozag.
  4517 | D:5      | Noticed BassonBusker's ghost (novice GrEE)
  4808 | D:6      | Found a large runed translucent door.
  4808 | D:6      | Found a large runed translucent door.
  4810 | D:6      | Noticed Steelrune's ghost (novice GnCj)
  4868 | D:6      | Found the +9 staff of Olgreb {rPois∞}
  4884 | D:6      | Found a runed translucent gate.
  4884 | D:6      | Found a runed translucent gate.
  4885 | D:6      | Found a runed translucent door.
  4897 | D:6      | Found a runed translucent gate.
  4939 | D:6      | Reached * piety under Qazlal
  5052 | D:6      | Found a runed translucent door.
  5078 | D:6      | Found Jyb Cuumn's Mass Market.
  5198 | D:6      | Reached skill level 10 in Axes
  5750 | D:7      | Noticed a raiju
  5755 | D:7      | Noticed a raiju
  5770 | D:7      | Killed from afar by a raiju

Illustrated notes

Levels and vault maps discovered:
D:1:      dpeg_arrival_simpleton_a, layout_basic, serial_shops, shop,
          shapermc_ecumenical_altar_pompeii, minmay_misc_feat_enclosed
D:2:      layout_basic, uniq_terence, uniq_natasha
D:3:      layout_basic, nicolae_tso_swordbearing_angel,
          mainiacjoe_overflow_paths, dreamdust_princess_bridge,
          chequers_decorated_corner
D:4:      layout_rooms, minmay_temple_entry_tees, uniq_eustachio, uniq_robin
D:5:      layout_loops_cross, ebering_ghost_gozag
D:6:      layout_rooms, ebering_ghost_disaster_area, minmay_shop_mass,
          minmay_guarded_unrand_staff_of_olgreb
D:7:      layout_rooms, dancing_weapons_uskayaw, kennysheep_big_empty_room,
          nicolae_have_a_lightning_rod
Temple:   hellmonk_temple_forest_ring

Skill      XL: |  1  2  3  4  5  6  7  8 |
---------------+-------------------------+-----
Axes           | 3 4 5 7 8 10 | 10.7
Fighting       | 4 5 6 7 |  7.5
Shields        | 4 5 |  5.0
Invocations    | 1 4 |  4.5
Armour         | |  3.2

Action                     |  1- 3 |  4- 6 |  7- 9 || total
---------------------------+-------+-------+-------++-------
  Melee: War axe           |    63 |   178 |   211 ||   452
   Fire: Sling             |       |     4 |       ||     4
    Use: Scroll            |       |       |     9 ||     9
         Potion            |       |       |     1 ||     1
 Armour: Scale mail        |    44 |   143 |   130 ||   317
  Dodge: Dodged            |    39 |    64 |    98 ||   201
  Block: Buckler           |    11 |    43 |    58 ||   112
